 Dungeon Crawl Stone Soup version 0.29.1-1-gd02db69 (webtiles) character file.

Game seed: 13567527632523568751

217 samcosmo the Sneak (level 6, 0/32 HPs)
             Began as a Kobold Enchanter on Mar 27, 2023.
             Splashed by a jelly's acid (5 damage)
             ... on level 4 of the Dungeon.
             The game lasted 00:17:43 (3326 turns).

samcosmo the Sneak (Kobold Enchanter)               Turns: 3326, Time: 00:17:44

Health: 0/32       AC: -2    Str:  6    XL:     6   Next: 16%
Magic:  1/11       EV: 15    Int: 16    God:
Gold:   174        SH:  0    Dex: 17    Spells: 4/12 levels left

rFire   . . .      SeeInvis .   a - +1 dagger
rCold   . . .      Faith    .   (no shield)
rNeg    . . .      Spirit   .   b - +0 robe
rPois   .          Reflect  .   (no helmet)
rElec   .          Harm     .   (no cloak)
rCorr   .          Rampage  .   (no gloves)
Will    .....                   (no boots)
Stlth   ++++......              (no amulet)
HPRegen 0.10/turn               f - ring of wizardry
MPRegen 0.12/turn               o - ring of flight

@: corroded, flying, very slightly contaminated, invisible
A: small, no large weapons, nightstalker 3
a: no special abilities


You were on level 4 of the Dungeon.
You visited 1 branch of the dungeon, and saw 4 of its levels.

You collected 271 gold pieces.
You spent 97 gold pieces at shops.

Inventory:

Hand Weapons
 a - a +1 dagger (weapon)
Missiles
 m - 2 throwing nets (quivered)
Armour
 b - a +0 robe (worn)
Jewellery
 f - a ring of wizardry (left hand)
 o - a ring of flight (right hand)
 q - a +6 ring of strength
Scrolls
 k - a scroll of fog {unknown}
 n - a scroll of amnesia
 p - a scroll of fear
 r - a scroll of blinking
Potions
 d - 5 potions of curing
 e - 3 potions of mutation
 g - a potion of degeneration
 h - a potion of ambrosia
 i - a potion of heal wounds
 j - a potion of brilliance
 l - a potion of haste {unknown}
 s - a potion of attraction {unknown}
 t - a potion of might {unknown}


   Skills:
 + Level 3.6 Short Blades
 - Level 2.4 Dodging
 + Level 5.2 Stealth
 * Level 3.5 Spellcasting
 + Level 1.8 Conjurations
 + Level 3.9 Hexes


You had 4 spell levels left.
You knew the following spells:

 Your Spells              Type           Power      Damage    Failure   Level
a - Ensorcelled Hibernat  Hex/Ice        18%        N/A       4%          2
b - Mephitic Cloud        Conj/Pois/Air  4%         N/A       16%         3
c - Confusing Touch       Hex            15%        N/A       4%          3

Your spell library contained the following spells:

 Spells                   Type           Power      Damage    Failure   Level
 Magic Dart               Conj           32%        1d4       3%          1
 Shock                    Conj/Air       20%        1d4       4%          1
 Tukima's Dance           Hex            15%        N/A       4%          3
 Dazzling Flash           Conj/Hex       22%        N/A       7%          3
 Beastly Appendage        Tmut           4%         N/A       8%          1
 Sandblast                Erth           4%         2d4       8%          1
 Call Imp                 Summ           2%         N/A       11%         2
 Passwall                 Tmut/Erth      1%         N/A       11%         2
 Wereblood                Tmut           2%         N/A       11%         2
 Stone Arrow              Conj/Erth      10%        3d7       16%         3
 Spider Form              Tmut/Pois      2%         N/A       21%         3
 Swiftness                Air            2%         N/A       21%         3
 Airstrike                Air            1%         2d(1-17)  54%         4
 Yara's Violent Unravell  Hex/Tmut       4%         3d4       63%         5
 Enfeeble                 Hex            7%         N/A       100%        7


Dungeon Overview and Level Annotations

Branches:
Dungeon (4/15)
 Temple: D:4-7

Altars:

Shops:
D:2 ?:


Innate Abilities, Weirdness & Mutations

You are small and have problems with some larger weapons.
You are completely attuned to the shadows.


Message History

Confirm with . or Enter, or press ? or * to list all spells.
You miscast Confusing Touch.
You are very lightly contaminated with residual magic.
Nothing appears to happen.
The adder barely misses you.
You miss the adder. The adder bites you but does no damage.
You miss the adder. The adder closely misses you.
You hit the adder.
The adder is moderately wounded.
The adder bites you but does no damage.
You hit the adder but do no damage.
The adder is moderately wounded.
The adder bites you but does no damage.
You miss the adder.
The adder is moderately wounded.
The adder misses you.
You fade into invisibility!
The adder barely misses you. x2
You hit the adder.
The adder is heavily wounded.
You strike the helpless adder from behind!
You impale the adder!!
You kill the adder!
You hit the adder.
The adder is heavily wounded.
The adder bites you but does no damage.
You strike the helpless adder from behind!
You impale the adder!!
You kill the adder!
You hit the jelly but do no damage.
Your hands burn!
The jelly closely misses you.
Casting: Confusing Touch (dangerous; 4% risk of failure)
Confirm with . or Enter, or press ? or * to list all spells.
Your hands begin to glow red.
The jelly hits you.
You are splashed with acid!
* * * LOW HITPOINT WARNING * * *
You hit the jelly but do no damage.
The jelly appears confused.
Your hands burn!
* * * LOW HITPOINT WARNING * * *
The jelly hits you but does no damage.
You hit the jelly. The acid corrodes you!
Your hands burn!
You die...

.........
.#.......
.........
##..†....
.....##.......
.............
............
#.#####.####
#@##....#
#J##.####
#####....#
.....).###
.....).#
.......#
.......#
.......#
.......#


You could see a jelly (confused).

Vanquished Creatures
  A gnoll bouda (D:4)
  2 orc wizards (D:3)
  4 gnolls (D:4)
  4 adders
  An ufetubus (D:4)
  2 worms
  9 orcs
  3 bats
  3 endoplasms
  4 goblins
  5 hobgoblins
  A kobold (D:1)
  A quokka (D:1)
  5 ball pythons
  3 frilled lizards
  2 rats
50 creatures vanquished.

Vanquished Creatures (others)
  3 plants (D:3)
3 creatures vanquished.

Grand Total: 53 creatures vanquished

Notes
Turn   | Place    | Note
-------+----------+-------------------------------------------
     0 | D:1      | samcosmo the Kobold Enchanter began the quest for the Orb.
     0 | D:1      | Reached XP level 1. HP: 10/10 MP: 3/3
   435 | D:1      | Reached XP level 2. HP: 15/15 MP: 5/5
   438 | D:1      | Learned a level 2 spell: Ensorcelled Hibernation
   797 | D:2      | Found Kaf Ufosil's Magic Scroll Shop.
  1056 | D:2      | Reached XP level 3. HP: 19/19 MP: 3/6
  1602 | D:2      | Found Vose's Vocational Training.
  1758 | D:2      | Bought a scroll of blinking for 97 gold pieces
  1957 | D:2      | Learned a level 3 spell: Mephitic Cloud
  2147 | D:3      | Reached XP level 4. HP: 24/24 MP: 1/7
  2149 | D:3      | Reached skill level 1 in Conjurations
  2159 | D:3      | Learned a level 3 spell: Confusing Touch
  2436 | D:3      | Reached XP level 5. HP: 28/28 MP: 6/9
  2754 | D:3      | Found a faded altar of an unknown god.
  2876 | D:4      | Reached skill level 5 in Stealth
  3103 | D:4      | Reached XP level 6. HP: 32/32 MP: 11/11
  3326 | D:4      | Splashed by a jelly's acid

Illustrated notes

Levels and vault maps discovered:
D:1:      dpeg_arrival_windows_large_door, layout_basic, serial_corexii_hall,
          corexii_hall_statues_x, chequers_hall_statues_wall_a,
          palyth_stone_intersect, corexii_item_surrounded_by_moat
D:2:      layout_loops_cross, serial_shops, nicolae_shop_statue_plus,
          nicolae_shop_vocational
D:3:      layout_rooms, chequers_ecumenical_altar_lobes
D:4:      layout_rooms, ebering_ghost_sewer_d, portal_sewer_entry_f

Skill      XL: |  1  2  3  4  5 |
---------------+----------------+-----
Short Blades   | 2 3 |  3.6
Conjurations   | 1 |  1.8
Spellcasting   | 3 |  3.5
Stealth        | 5 |  5.2
Dodging        | |  2.4
Hexes          | |  3.9

Action                   |  1- 3 |  4- 6 || total
-------------------------+-------+-------++-------
Melee: Dagger            |    61 |    57 ||   118
 Cast: Ensorcelled Hiber |     7 |    12 ||    19
       Confusing Touch   |       |     1 ||     1
  Use: Scroll            |    11 |     1 ||    12
       Potion            |     2 |     2 ||     4
 Stab: Sleeping          |    16 |    13 ||    29
       Invisible         |     2 |     4 ||     6
Armor: Robe              |     9 |     7 ||    16
Dodge: Dodged            |    37 |    36 ||    73
